[ AOE2 MATCH · #506728242 ]
UnrankedMongols vs Burmese
Player's team · WIN
Rival team · LOSS
[ REPLAY ANALYSIS · EXTRACTED FROM THE RECORDED GAME ]
Feudal
10:36
Castle
20:28
Imperial
—
| APM avg | 66.9 |
| APM peak | 92 |
| eAPM avg | 33.4 |
| Villagers / military | 180 / 43 |
Focus
⚔️ 30.7% · 🌾 69.3%
Skirmisher ×20 · Mangudai ×10 · Militia ×4 · Mangonel ×4 · Monk ×3 · Spearman ×2
Feudal
8:50
Castle
21:34
Imperial
—
| APM avg | 77.6 |
| APM peak | 122 |
| eAPM avg | 28.1 |
| Villagers / military | 81 / 48 |
Focus
⚔️ 50.5% · 🌾 49.5%
Archer ×42 · Mangonel ×4 · Skirmisher ×2
Match map
Initial resources + every placement click. Lines = walls · curves = elevation contours. ◆ gold · ⬟ stone · ● berries · ✦ relic · ◌ wall gap
Your base· Open — unwalled flank
DGHIR | chanchilaru's base· ✓ Closed at 21:34 · 53t walls · no gate
Smoothed initial terrain · ◌ = detected wall gap · hover for details
Inputs per minute
— LE | WilliamS - - DGHIR | chanchilaru
Build order — LE | WilliamS
First 150 of 331 actions detected
| 0:01 | Queue | Villager (Male) |
| 0:01 | Queue | Villager (Male) |
| 0:02 | Build | House |
| 0:03 | Build | House |
| 0:05 | Queue | Villager (Male) |
| 0:05 | Queue | Villager (Male) |
| 1:29 | Queue | Villager (Male) |
| 1:45 | Build | Lumber Camp |
| 1:51 | Queue | Villager (Male) |
| 2:01 | Queue | Villager (Male) |
| 2:44 | Queue | Villager (Male) |
| 2:44 | Queue | Villager (Male) |
| 3:08 | Queue | Villager (Male) |
| 3:31 | Queue | Villager (Male) |
| 3:46 | Queue | Villager (Male) |
| 3:54 | Build | House |
| 4:00 | Queue | Villager (Male) |
| 4:14 | Queue | Villager (Male) |
| 4:27 | Build | Barracks |
| 4:58 | Build | House |
| 4:59 | Build | Palisade Wall |
| 5:03 | Queue | Villager (Male) |
| 5:21 | Queue | Militia |
| 5:30 | Queue | Villager (Male) |
| 5:30 | Queue | Villager (Male) |
| 5:37 | Queue | Villager (Male) |
| 5:38 | Queue | Villager (Male) |
| 5:45 | Queue | Militia |
| 5:52 | Queue | Militia |
| 6:01 | Build | House |
| 6:01 | Queue | Villager (Male) |
| 6:18 | Queue | Villager (Male) |
| 6:24 | Build | Mill |
| 6:33 | Queue | Villager (Male) |
| 6:43 | Build | Palisade Wall |
| 7:23 | Research | Loom |
| 7:29 | Build | Palisade Wall |
| 7:42 | Build | Mill |
| 8:26 | Research | Feudal Age |
| 8:26 | Research | Feudal Age |
| 8:27 | Build | Mining Camp |
| 9:00 | Build | House |
| 9:02 | Build | Palisade Wall |
| 9:17 | Queue | Villager (Male) |
| 9:22 | Queue | Militia |
| 10:06 | Queue | Villager (Male) |
| 10:09 | Build | Palisade Wall |
| 10:12 | Build | House |
| 10:36 | Age | Feudal Age |
| 10:38 | Research | Man-at-Arms (upgrade) |
| 10:38 | Research | Double-Bit Axe |
| 10:39 | Research | Horse Collar |
| 10:39 | Research | Horse Collar |
| 10:48 | Build | Archery Range |
| 10:58 | Queue | Villager (Male) |
| 11:03 | Build | Farm |
| 11:20 | Queue | Spearman |
| 11:24 | Build | House |
| 11:31 | Build | Palisade Wall |
| 11:34 | Build | Palisade Wall |
| 11:37 | Queue | Villager (Male) |
| 11:39 | Build | Farm |
| 11:53 | Build | House |
| 11:56 | Build | Farm |
| 11:57 | Queue | Skirmisher |
| 12:08 | Queue | Villager (Male) |
| 12:10 | Build | Farm |
| 12:33 | Build | Farm |
| 12:38 | Queue | Villager (Male) |
| 12:39 | Build | Farm |
| 13:02 | Queue | Villager (Male) |
| 13:03 | Build | Farm |
| 13:05 | Build | Farm |
| 13:15 | Queue | Skirmisher |
| 13:19 | Build | Palisade Wall |
| 13:23 | Queue | Villager (Male) |
| 13:24 | Queue | Skirmisher |
| 13:43 | Build | Farm |
| 13:48 | Build | Farm |
| 13:48 | Queue | Villager (Male) |
| 13:48 | Queue | Villager (Male) |
| 13:56 | Queue | Villager (Male) |
| 14:04 | Build | Farm |
| 14:09 | Build | Farm |
| 14:11 | Queue | Villager (Male) |
| 14:14 | Queue | Skirmisher |
| 14:15 | Queue | Villager (Male) |
| 14:27 | Queue | Villager (Male) |
| 14:33 | Queue | Villager (Male) |
| 14:35 | Build | Lumber Camp |
| 14:49 | Queue | Villager (Male) |
| 14:53 | Queue | Skirmisher |
| 14:55 | Queue | Villager (Male) |
| 15:06 | Build | Farm |
| 15:11 | Queue | Villager (Male) |
| 15:24 | Queue | Villager (Male) |
| 15:25 | Queue | Villager (Male) |
| 15:26 | Queue | Villager (Male) |
| 15:32 | Queue | Villager (Male) |
| 15:38 | Queue | Villager (Male) |
| 15:38 | Queue | Villager (Male) |
| 15:43 | Queue | Villager (Male) |
| 15:45 | Queue | Villager (Male) |
| 15:45 | Queue | Villager (Male) |
| 15:46 | Build | Farm |
| 15:50 | Queue | Villager (Male) |
| 16:04 | Queue | Villager (Male) |
| 16:08 | Build | Farm |
| 16:23 | Research | Wheelbarrow |
| 16:54 | Build | Blacksmith |
| 17:01 | Queue | Skirmisher |
| 17:05 | Build | House |
| 17:25 | Build | House |
| 17:31 | Build | House |
| 17:49 | Research | Castle Age |
| 18:13 | Build | House |
| 18:23 | Queue | Skirmisher |
| 18:26 | Queue | Spearman |
| 18:28 | Research | Fletching |
| 18:45 | Research | Padded Archer Armor |
| 18:53 | Build | Market |
| 18:55 | Queue | Villager (Male) |
| 19:22 | Research | Gold Mining |
| 19:33 | Queue | Skirmisher |
| 19:51 | Queue | Skirmisher |
| 20:14 | Queue | Villager (Male) |
| 20:18 | Queue | Villager (Male) |
| 20:24 | Queue | Skirmisher |
| 20:28 | Age | Castle Age |
| 20:31 | Research | Elite Skirmisher (upgrade) |
| 20:32 | Queue | Villager (Male) |
| 20:37 | Build | Town Center |
| 20:39 | Queue | Villager (Male) |
| 20:40 | Build | Town Center |
| 20:50 | Queue | Villager (Male) |
| 20:52 | Build | Monastery |
| 20:56 | Queue | Villager (Male) |
| 21:02 | Research | Bodkin Arrow |
| 21:05 | Research | Bow Saw |
| 21:12 | Build | House |
| 21:13 | Build | Palisade Wall |
| 21:18 | Queue | Villager (Male) |
| 21:20 | Queue | Villager (Male) |
| 21:23 | Queue | Villager (Male) |
| 21:33 | Queue | Villager (Male) |
| 21:35 | Queue | Skirmisher |
| 21:36 | Queue | Villager (Male) |
| 21:38 | Queue | Villager (Male) |
| 21:44 | Queue | Villager (Male) |
| 21:47 | Queue | Villager (Male) |
Build order — DGHIR | chanchilaru
First 150 of 222 actions detected
| 0:00 | Queue | Villager (Male) |
| 0:00 | Queue | Villager (Male) |
| 0:00 | Queue | Villager (Male) |
| 0:01 | Queue | Villager (Male) |
| 0:02 | Build | House |
| 0:02 | Build | House |
| 1:36 | Queue | Villager (Male) |
| 1:37 | Queue | Villager (Male) |
| 2:01 | Queue | Villager (Male) |
| 2:01 | Queue | Villager (Male) |
| 2:14 | Queue | Villager (Male) |
| 2:24 | Build | Mill |
| 2:31 | Queue | Villager (Male) |
| 2:50 | Queue | Villager (Male) |
| 2:51 | Queue | Villager (Male) |
| 3:18 | Queue | Villager (Male) |
| 3:38 | Queue | Villager (Male) |
| 3:47 | Queue | Villager (Male) |
| 3:49 | Queue | Villager (Male) |
| 3:54 | Build | House |
| 4:16 | Queue | Villager (Male) |
| 4:54 | Build | Lumber Camp |
| 5:00 | Queue | Villager (Male) |
| 5:48 | Research | Loom |
| 6:37 | Research | Feudal Age |
| 6:37 | Research | Feudal Age |
| 7:08 | Build | Lumber Camp |
| 7:56 | Build | Palisade Wall |
| 7:58 | Build | Palisade Wall |
| 8:15 | Build | House |
| 8:17 | Build | Palisade Wall |
| 8:18 | Build | Palisade Wall |
| 8:20 | Build | Palisade Wall |
| 8:23 | Build | Palisade Wall |
| 8:25 | Build | Palisade Wall |
| 8:28 | Build | Palisade Wall |
| 8:33 | Queue | Villager (Male) |
| 8:46 | Build | Barracks |
| 8:50 | Age | Feudal Age |
| 9:16 | Queue | Villager (Male) |
| 9:20 | Build | Mill |
| 9:40 | Build | Archery Range |
| 9:54 | Queue | Villager (Male) |
| 9:54 | Queue | Villager (Male) |
| 9:54 | Queue | Villager (Male) |
| 9:54 | Queue | Villager (Male) |
| 9:55 | Queue | Villager (Male) |
| 9:55 | Queue | Villager (Male) |
| 10:03 | Build | Mining Camp |
| 10:19 | Build | House |
| 10:20 | Queue | Archer |
| 10:35 | Build | Palisade Wall |
| 10:38 | Build | Palisade Wall |
| 10:40 | Build | Palisade Wall |
| 10:41 | Build | Palisade Wall |
| 10:50 | Queue | Skirmisher |
| 10:54 | Build | Mill |
| 11:00 | Build | House |
| 11:01 | Build | Palisade Wall |
| 11:28 | Queue | Skirmisher |
| 11:47 | Build | Palisade Wall |
| 12:04 | Queue | Villager (Male) |
| 12:05 | Queue | Archer |
| 12:05 | Queue | Archer |
| 12:18 | Build | Palisade Wall |
| 12:28 | Build | Palisade Wall |
| 12:33 | Build | Palisade Wall |
| 12:36 | Queue | Villager (Male) |
| 12:39 | Build | Farm |
| 12:41 | Build | Blacksmith |
| 12:44 | Build | Farm |
| 12:45 | Build | Farm |
| 12:46 | Build | Farm |
| 12:48 | Build | Farm |
| 13:12 | Build | Farm |
| 13:19 | Queue | Archer |
| 13:30 | Queue | Villager (Male) |
| 13:32 | Build | House |
| 13:34 | Build | Farm |
| 14:01 | Queue | Villager (Male) |
| 14:04 | Queue | Archer |
| 14:10 | Build | Palisade Wall |
| 14:19 | Build | Farm |
| 14:37 | Queue | Archer |
| 14:38 | Queue | Villager (Male) |
| 14:45 | Build | House |
| 14:55 | Research | Fletching |
| 15:01 | Queue | Villager (Male) |
| 15:04 | Queue | Archer |
| 15:42 | Queue | Archer |
| 15:43 | Queue | Villager (Male) |
| 15:43 | Queue | Villager (Male) |
| 15:51 | Queue | Villager (Male) |
| 16:00 | Queue | Villager (Male) |
| 16:04 | Build | Farm |
| 16:04 | Build | Farm |
| 16:05 | Queue | Villager (Male) |
| 16:11 | Queue | Archer |
| 16:13 | Build | Archery Range |
| 16:52 | Queue | Villager (Male) |
| 16:59 | Queue | Archer |
| 17:00 | Queue | Villager (Male) |
| 17:00 | Queue | Villager (Male) |
| 17:09 | Build | House |
| 17:11 | Build | Palisade Wall |
| 17:17 | Research | Town Watch |
| 17:18 | Queue | Villager (Male) |
| 17:21 | Build | Market |
| 17:23 | Queue | Archer |
| 17:24 | Queue | Archer |
| 17:24 | Queue | Archer |
| 17:42 | Build | House |
| 17:46 | Queue | Villager (Male) |
| 17:54 | Build | House |
| 17:54 | Build | House |
| 18:06 | Queue | Archer |
| 18:07 | Queue | Archer |
| 18:08 | Queue | Villager (Male) |
| 18:08 | Queue | Villager (Male) |
| 18:31 | Build | Palisade Wall |
| 18:31 | Build | Palisade Wall |
| 18:32 | Build | Palisade Wall |
| 18:54 | Research | Castle Age |
| 19:07 | Build | Palisade Wall |
| 19:08 | Build | Palisade Wall |
| 19:11 | Build | Palisade Wall |
| 19:15 | Queue | Archer |
| 19:17 | Queue | Archer |
| 19:51 | Queue | Archer |
| 19:51 | Queue | Archer |
| 20:25 | Queue | Archer |
| 20:25 | Queue | Archer |
| 20:25 | Queue | Archer |
| 20:31 | Build | House |
| 20:44 | Build | House |
| 20:51 | Build | House |
| 20:53 | Build | House |
| 20:58 | Build | House |
| 21:04 | Build | House |
| 21:06 | Build | House |
| 21:09 | Build | House |
| 21:34 | Age | Castle Age |
| 21:41 | Research | Bodkin Arrow |
| 21:42 | Research | Crossbowman (upgrade) |
| 21:44 | Queue | Villager (Male) |
| 21:45 | Queue | Villager (Male) |
| 21:50 | Build | House |
| 22:02 | Build | Siege Workshop |
| 22:09 | Queue | Archer |
| 22:33 | Queue | Villager (Male) |
Match timeline
| 4:27 | LE | WilliamS · first_building Barracks |
| 4:59 | LE | WilliamS · wall_segment Palisade Wall x1 |
| 6:43 | LE | WilliamS · wall_segment Palisade Wall x5 |
| 7:29 | LE | WilliamS · wall_segment Palisade Wall x1 |
| 7:56 | DGHIR | chanchilaru · wall_segment Palisade Wall x1 |
| 7:58 | DGHIR | chanchilaru · wall_segment Palisade Wall x2 |
| 8:17 | DGHIR | chanchilaru · wall_segment Palisade Wall x1 |
| 8:18 | DGHIR | chanchilaru · wall_segment Palisade Wall x1 |
| 8:20 | DGHIR | chanchilaru · wall_segment Palisade Wall x1 |
| 8:23 | DGHIR | chanchilaru · wall_segment Palisade Wall x2 |
| 8:25 | DGHIR | chanchilaru · wall_segment Palisade Wall x2 |
| 8:28 | DGHIR | chanchilaru · wall_segment Palisade Wall x1 |
| 8:46 | DGHIR | chanchilaru · first_building Barracks |
| 8:50 | DGHIR | chanchilaru · age_up feudal |
| 9:02 | LE | WilliamS · wall_segment Palisade Wall x4 |
| 9:40 | DGHIR | chanchilaru · first_building Archery Range |
| 10:09 | LE | WilliamS · wall_segment Palisade Wall x7 |
| 10:35 | DGHIR | chanchilaru · wall_segment Palisade Wall x1 |
| 10:36 | LE | WilliamS · age_up feudal |
| 10:38 | DGHIR | chanchilaru · wall_segment Palisade Wall x1 |
| 10:40 | DGHIR | chanchilaru · wall_segment Palisade Wall x1 |
| 10:41 | DGHIR | chanchilaru · wall_segment Palisade Wall x1 |
| 10:48 | LE | WilliamS · first_building Archery Range |
| 11:01 | DGHIR | chanchilaru · wall_segment Palisade Wall x1 |
| 11:31 | LE | WilliamS · wall_segment Palisade Wall x1 |
| 11:34 | LE | WilliamS · wall_segment Palisade Wall x5 |
| 11:47 | DGHIR | chanchilaru · wall_segment Palisade Wall x2 |
| 12:18 | DGHIR | chanchilaru · wall_segment Palisade Wall x1 |
| 12:28 | DGHIR | chanchilaru · wall_segment Palisade Wall x1 |
| 12:33 | DGHIR | chanchilaru · wall_segment Palisade Wall x1 |
| 13:19 | LE | WilliamS · wall_segment Palisade Wall x9 |
| 14:10 | DGHIR | chanchilaru · wall_segment Palisade Wall x6 |
| 17:11 | DGHIR | chanchilaru · wall_segment Palisade Wall x15 |
| 18:31 | DGHIR | chanchilaru · wall_segment Palisade Wall x6 |
| 18:31 | DGHIR | chanchilaru · wall_segment Palisade Wall x1 |
| 18:32 | DGHIR | chanchilaru · wall_segment Palisade Wall x1 |
| 18:38 | DGHIR | chanchilaru · first_market_sell 100 stone |
| 18:53 | DGHIR | chanchilaru · first_market_buy 100 food |
| 19:07 | DGHIR | chanchilaru · wall_segment Palisade Wall x1 |
| 19:08 | DGHIR | chanchilaru · wall_segment Palisade Wall x1 |
| 19:11 | DGHIR | chanchilaru · wall_segment Palisade Wall x3 |
| 20:28 | LE | WilliamS · age_up castle |
| 20:52 | LE | WilliamS · first_building Monastery |
| 21:13 | LE | WilliamS · wall_segment Palisade Wall x1 |
| 21:34 | DGHIR | chanchilaru · age_up castle |
| 22:02 | DGHIR | chanchilaru · first_building Siege Workshop |
| 23:33 | LE | WilliamS · first_market_buy 100 food |
| 25:26 | LE | WilliamS · first_building Siege Workshop |
| 28:14 | LE | WilliamS · first_building Castle |
| 30:10 | DGHIR | chanchilaru · first_building Castle |
| 32:04 | LE | WilliamS · first_market_sell 500 wood |
| 33:28 | DGHIR | chanchilaru · resign |
[ AI ANALYSIS · 1 CREDIT ]
What really happened in this match?
Wolo.gg analyzes every decision: build order, eco, micro, common mistakes by bracket. Personalized analysis on WhatsApp or Discord in 30 seconds.
Civ guide
Mongols
Perfil
Jugador #10795310